 Dungeon Crawl Stone Soup version 0.19.0-23-gf02e663 (webtiles) character file.

6 Laraso the Charmwright (level 1, 0/14 HPs)
             Began as a High Elf Skald on Nov 19, 2016.
             Slain by a hobgoblin
             ... wielding a +0 club
              (4 damage)
             ... on level 1 of the Dungeon.
             The game lasted 00:00:41 (195 turns).

Laraso the Charmwright (High Elf Skald)              Turns: 195, Time: 00:00:42

Health: 0/14       AC:  3    Str: 11    XL:     1   Next: 75%
Magic:  4/4        EV: 11    Int: 15    God:
Gold:   44         SH:  0    Dex: 14    Spells: 1 memorised, 3 levels left

rFire  . . .     SeeInvis .     a - +0 falchion
rCold  . . .     Gourm    .     b - +0 leather armour
rNeg   . . .     Faith    .     (no shield)
rPois  .         Spirit   .     (no helmet)
rElec  .         Reflect  .     (no cloak)
rCorr  .         Harm     .     (no gloves)
MR     .....                    (no boots)
Stlth  +.........               (no amulet)
                                (no ring)
                                (no ring)

@: no status effects
A: no striking features
a: no special abilities


You were on level 1 of the Dungeon.
You were not hungry.

You visited 1 branch of the dungeon, and saw 1 of its levels.

You collected 44 gold pieces.

Inventory:

Hand Weapons
 a - a +0 falchion (weapon)
Armour
 b - a +0 leather armour (worn)
Scrolls
 g - a scroll of remove curse {unknown}
Potions
 e - a potion of agility {unknown}
 f - a potion of brilliance {unknown}
Books
 c - a book of Battle

   Spells                             Type                      Level
   a - Infusion                       Charms                       1
   b - Shroud of Golubria             Charms/Translocation         2
   c - Song of Slaying                Charms                       2
   d - Spectral Weapon                Hexes/Charms                 3
   e - Regeneration                   Charms/Necromancy            3
Comestibles
 d - a bread ration
 h - 3 chunks of flesh


   Skills:
 - Level 2.0 Fighting
 * Level 3.2 Long Blades
 - Level 0.8 Armour
 - Level 1.1 Dodging
 - Level 2.4 Spellcasting
 - Level 3.6 Charms


You had 3 spell levels left.
You knew the following spells:

 Your Spells              Type           Power        Failure   Level  Hunger
a - Infusion              Chrm           ##..         10%         1    #......


Dungeon Overview and Level Annotations

Branches:
Dungeon (1/15)

Altars:


Message History

No target in view!
You now have 33 gold pieces (gained 13).
You aren't wearing any rings or amulets.
Unknown command.
Take off which item? (? for menu, Esc to quit)
You start removing your armour.
You continue taking off your +0 leather armour. x4
You finish taking off your +0 leather armour.
Wear which item? (? for menu, Esc to quit)
You start putting on your armour.
You continue putting on your +0 leather armour. x4
You finish putting on your +0 leather armour.
Things that are here:
a dagger; a goblin corpse You butcher the goblin corpse.
h - 3 chunks of flesh (gained 1)
You see here a dagger.
You now have 44 gold pieces (gained 11).
Found a stone staircase leading down.
You open the door.
A frilled lizard comes into view.
The frilled lizard hisses angrily.
A frilled lizard is nearby!
There is an open door here.
The frilled lizard bites you.
You hit the frilled lizard.
You kill the frilled lizard!
No target in view!
No target in view!
There is an open door here.
A kobold comes into view. It is wielding a dagger.
The kobold shouts!
A kobold is nearby!
A kobold is nearby!
A hobgoblin comes into view. It is wielding a club.
The kobold hits you with a dagger.
You hit the kobold.
The kobold is severely wounded.
The kobold hits you with a dagger.
You hit the kobold.
You kill the kobold!
The hobgoblin hits you with a club.
* * * LOW HITPOINT WARNING * * *
Things that are here:
a dagger; a kobold corpse You are too injured to fight recklessly!
You are too injured to fight recklessly!
You are too injured to fight recklessly!
You barely miss the hobgoblin. The hobgoblin barely misses you.
You hit the hobgoblin but do no damage. The hobgoblin closely misses you.
You riposte.
You hit the hobgoblin.
The hobgoblin is severely wounded.
You hit the hobgoblin but do no damage.
The hobgoblin is severely wounded.
The hobgoblin hits you with a club.
* * * LOW HITPOINT WARNING * * *
You hit the hobgoblin but do no damage.
The hobgoblin is heavily wounded.
The hobgoblin hits you with a club.
You die...

###......#
#......#
#......##########
#...............#
######...........
#.........#.
#..........#
#.......#...
#..?@....#..
#....g#...#
#####..#..#
...### ..#..
.#.... .......
.#.....


You could see a hobgoblin.

Vanquished Creatures
  A goblin (D:1)
  2 kobolds (D:1)
  4 frilled lizards (D:1)
7 creatures vanquished.

Notes
Turn   | Place    | Note
-------+----------+-------------------------------------------
     0 | D:1      | Laraso the High Elf Skald began the quest for the Orb.
     0 | D:1      | Reached XP level 1. HP: 14/14 MP: 4/4
   148 | D:1      | Reached skill level 3 in Long Blades
   194 | D:1      | HP: 4/14 [hobgoblin/club (2)]
   195 | D:1      | Slain by a hobgoblin

Skill      XL: |  1 |
---------------+----+-----
Long Blades    | 3 |  3.2
Fighting       | |  2.0
Armour         | |  0.8
Dodging        | |  1.1
Spellcasting   | |  2.4
Charms         | |  3.6

Action                   || total
-------------------------++-------
Melee: Falchion          ||    14
Armor: Leather armour    ||     3
Dodge: Dodged            ||     4
       Rpst.: Falchion   ||     3

Table legend:
 A = Kills in this place as a percentage of kills in entire the game.
 B = Kills by you in this place as a percentage of kills by you in the entire game.
 C = Kills by friends in this place as a percentage of kills by friends in the entire game.
 D = Other kills in this place as a percentage of other kills in the entire game.
 E = Experience gained in this place as a percentage of experience gained in the entire game.
 F = Experience gained in this place divided by the number of levels of this place that you have seen.
                   A       B       C       D       E      F
               +-------+-------+-------+-------+-------+----------------------
         Total | 100.0 | 100.0 |  -nan |  -nan | 100.0 |   9.0
       Dungeon | 100.0 | 100.0 |  -nan |  -nan | 100.0 |   9.0
               +-------+-------+-------+-------+-------+----------------------

Table legend:
 A = Turns spent in this place as a percentage of turns spent in the entire game.
 B = Non-inter-level travel turns spent in this place as a percentage of non-inter-level travel turns spent in the entire game.
 C = Inter-level travel turns spent in this place as a percentage of turns spent in this place.
 D = Turns resting spent in this place as a percentage of non-inter-level travel turns spent in this place.
 E = Turns spent auto-exploring this place as a percentage of non-inter-level travel turns spent in this place.
 F = Non-inter-level travel turns spent in this place divided by the number of levels of this place that you've seen.
                   A       B       C       D       E      F
               +-------+-------+-------+-------+-------+----------------------
         Total | 100.0 | 100.0 |   0.0 |   0.0 |  12.0 |  83.0
       Dungeon | 100.0 | 100.0 |   0.0 |   0.0 |  12.0 |  83.0
               +-------+-------+-------+-------+-------+----------------------

Vault maps used:
D:1:      kilobyte_arrival_exit_the_forest, minmay_splitting_lines
